 Dungeon Sprint DCSS version 0.31-a0-544-gceb718ecc6 (webtiles) character file.

Game seed: 9927121638699044699

9 zazu2006 the Trooper (level 2, 0/43 HPs)
             Began as a Gnoll Wanderer on Aug 16, 2023.
             Was a Follower of Vehumet.
             Slain by Pikel
             ... wielding a +2 whip of freezing
              (2 damage)
             ... in the Dungeon (Sprint VII: "The Pits").
             The game lasted 00:01:21 (126 turns).

zazu2006 the Trooper (Gnoll Wanderer)                Turns: 126, Time: 00:01:22

Health: 0/43       AC:  2    Str:  8    XL:     2   Next: 12%
Magic:  5/6        EV: 12    Int: 11    God:    Vehumet [*.....]
Gold:   0          SH:  4    Dex: 14    Spells: 5/7 levels left

rFire   . . .        k - +2 falchion
rCold   . . .        b - +0 buckler
rNeg    . . .        d - +0 robe
rPois   .            (no helmet)
rElec   .            (no cloak)
rCorr   .            (no gloves)
SInv    .            (no boots)
Will    .....        (no amulet) Stlth
                     (no ring)
HPRegen 0.27/turn    (no ring)
MPRegen 0.10/turn

%: no teleportation
@: berserking, very quick
A: fangs 1, strong nose, distributed training
a: Renounce Religion


You were in the Dungeon.
You worshipped Vehumet.
Vehumet was aware of your devotion.
You visited 1 branch

Inventory:

Hand Weapons
 j - a +2 vampiric dagger
 k - a +2 falchion (weapon)
Armour
 b - a +0 buckler (worn)
 d - a +0 robe (worn)
Scrolls
 i - a scroll of blinking
 l - 5 scrolls of amnesia
 m - a scroll of butterflies
Potions
 a - 2 potions of invisibility
 c - 2 potions of heal wounds
 e - 2 potions of curing
 f - a potion of haste
 g - 4 potions of magic
 h - 2 potions of berserk rage


   Skills:
 + Level 6.6 Fighting
 + Level 1.1 Short Blades
 + Level 1.1 Long Blades
 + Level 1.1 Axes
 + Level 1.1 Maces & Flails
 + Level 1.1 Polearms
 + Level 1.1 Staves
 + Level 1.1 Ranged Weapons
 + Level 1.1 Throwing
 + Level 2.7 Armour
 + Level 2.7 Dodging
 + Level 1.1 Stealth
 + Level 2.7 Shields
 + Level 1.1 Unarmed Combat
 + Level 3.0 Spellcasting
 + Level 5.4 Conjurations
 + Level 0.9 Hexes
 + Level 0.9 Summonings
 + Level 0.9 Necromancy
 + Level 0.9 Translocations
 + Level 0.9 Transmutations
 + Level 0.9 Fire Magic
 + Level 0.9 Ice Magic
 + Level 0.9 Air Magic
 + Level 0.9 Earth Magic
 + Level 0.9 Poison Magic
 + Level 1.2 Invocations
 + Level 1.1 Evocations
 + Level 0.9 Shapeshifting


You had 5 spell levels left.
You knew the following spells:

 Your Spells              Type           Power      Damage    Failure   Level
a - Magic Dart            Conj           52%        1d5       4%          1
b - Sandblast             Erth           6%         2d5       28%         1

Your spell library contained the following spells:

 Spells                   Type           Power      Damage    Failure   Level
 Searing Ray              Conj           26%        2d5       7%          2
 Dazzling Flash           Conj/Hex       16%        N/A       32%         3


Dungeon Overview and Level Annotations

Branches:
Dungeon (1/1)

Altars:
Ashenzari
Cheibriados
Dithmenos
Elyvilon
Fedhas
Gozag
Hepliaklqana
Kikubaaqudgha
Makhleb
Nemelex Xobeh
Okawaru
Qazlal
Ru
Sif Muna
Trog
Uskayaw
Vehumet
Wu Jian
Xom
Yredelemnul
Zin
The Shining One
Jiyva
Lugonu

Annotations:
D Pikel


Innate Abilities, Weirdness & Mutations

You have very sharp teeth.
Your uncanny sense of smell can sniff out nearby items.
Your experience applies equally to all skills.


Message History

The lemure misses you.
You closely miss the lemure.
The lemure is moderately wounded.
The lemure hits you.
You miss the lemure.
The lemure is moderately wounded.
You block the lemure's attack.
You hit the lemure.
The lemure is heavily wounded.
The lemure hits you. The lemure attacks as you move away!
The lemure closely misses you.
There is an open door to the Storerooms (Easy) here.
You hit the lemure.
The lemure is heavily wounded.
The lemure hits you!
You closely miss the lemure.
The lemure is heavily wounded.
The lemure barely misses you.
You hit the lemure but do no damage.
The lemure is heavily wounded.
The lemure completely misses you.
You hit the lemure.
The lemure is heavily wounded.
The lemure misses you.
Okay, then.
You feel the dreadful sensation subside.
k - a +2 falchion (weapon)
The lemure misses you.
A red film seems to cover your vision as you go berserk!
You feel yourself moving faster!
You feel mighty! The lemure hits you!
* * * LOW HITPOINT WARNING * * *
You closely miss the lemure.
The lemure is heavily wounded.
You barely miss Pikel. You slash Pikel!
Pikel is lightly wounded.
Pikel hits you with a +2 whip of freezing!
* * * LOW HITPOINT WARNING * * *
Pikel freezes you.
You die...

############
#_________.#
#_________.#
#_______...###########++
##########'##...........
#.?(.')))'.##......#..#
##########5##..........
#......5S55K@...........
+#####5#####......#..#.
#..5..#∆∆ #...........
#....S#∆∆ ####'#####+
###)###∆∆ #.......#
#.....#∆∆ #.......#
#.....#∆∆ #.......#
####'## #...<...# S5.
#.......#


You could see Pikel, 4 lemures, an adder and an ufetubus.

Vanquished Creatures
  An adder zombie (D)
  An orc (D)
  An endoplasm (D)
  2 ball pythons (D)
5 creatures vanquished.

Notes
Turn   | Place    | Note
-------+----------+-------------------------------------------
     0 | D        | zazu2006 the Gnoll Wanderer began the quest for the Orb.
     0 | D        | zazu2006 set off with the following items: a +0 dagger, a
                  | +0 buckler, 2 potions of heal wounds, a +0 robe, 2 potions
                  | of curing, a potion of haste, 2 potions of magic, a potion
                  | of berserk rage, a scroll of blinking; and the following
                  | spell memorised: Magic Dart; and the following spells
                  | available to memorise: Searing Ray, Dazzling Flash.
     0 | D        | Reached XP level 1. HP: 23/23 MP: 4/4
    41 | D        | Found a glowing golden altar of the Shining One.
    41 | D        | Found a glowing silver altar of Zin.
    41 | D        | Found a basalt altar of Yredelemnul.
    41 | D        | Found a shimmering altar of Xom.
    41 | D        | Found an ornate altar of the Wu Jian Council.
    41 | D        | Found a bloodstained altar of Trog.
    41 | D        | Found a shimmering blue altar of Sif Muna.
    41 | D        | Found a sacrificial altar of Ru.
    41 | D        | Found a stormy altar of Qazlal.
    41 | D        | Found an iron altar of Okawaru.
    41 | D        | Found a sparkling altar of Nemelex Xobeh.
    41 | D        | Found a burning altar of Makhleb.
    41 | D        | Found a viscous altar of Jiyva.
    41 | D        | Found a hazy altar of Hepliaklqana.
    41 | D        | Found an opulent altar of Gozag.
    41 | D        | Found a blossoming altar of Fedhas.
    41 | D        | Found a white marble altar of Elyvilon.
    41 | D        | Found a shadowy altar of Dithmenos.
    41 | D        | Found a snail-covered altar of Cheibriados.
    42 | D        | Found a radiant altar of Vehumet.
    42 | D        | Found a corrupted altar of Lugonu.
    43 | D        | Found an ancient bone altar of Kikubaaqudgha.
    43 | D        | Found a hide-covered altar of Uskayaw.
    43 | D        | Found a broken altar of Ashenzari.
    50 | D        | Became a worshipper of Vehumet
    74 | D        | Reached * piety under Vehumet
    74 | D        | Offered knowledge of Sandblast by Vehumet.
    75 | D        | Reached skill level 1 in Short Blades
    75 | D        | Reached skill level 1 in Long Blades
    75 | D        | Reached skill level 1 in Axes
    75 | D        | Reached skill level 1 in Maces & Flails
    75 | D        | Reached skill level 1 in Polearms
    75 | D        | Reached skill level 1 in Staves
    75 | D        | Reached skill level 1 in Ranged Weapons
    75 | D        | Reached skill level 1 in Throwing
    75 | D        | Reached skill level 1 in Stealth
    75 | D        | Reached skill level 1 in Unarmed Combat
    75 | D        | Reached skill level 1 in Invocations
    75 | D        | Reached skill level 1 in Evocations
    84 | D        | Reached XP level 2. HP: 25/29 MP: 6/6
    86 | D        | Learned a level 1 spell: Sandblast
    89 | D        | Noticed a lemure
    89 | D        | Noticed a lemure
    89 | D        | Noticed a lemure
    89 | D        | Noticed a lemure
    90 | D        | Noticed Pikel
   126 | D        | HP: 2/43 [Pikel/+2 whip of freezing (10)]
   126 | D        | Slain by Pikel

Illustrated notes

Levels and vault maps discovered:
D:        pitsprint [storerooms_1, entrance_room_1, metal_vault_1, armoury_2,
          mini_pit_1, grid_room_1, main_hall_1, silver_pit, the_coven_1,
          the_vestibule_1, steel_vault_3, golden_pit, hallway_of_sentries,
          crystal_vault_3, iron_vault_3, final_vault]

Skill      XL: |  1 |
---------------+----+-----
Short Blades   | 1 |  1.1
Long Blades    | 1 |  1.1
Axes           | 1 |  1.1
Maces & Flails | 1 |  1.1
Polearms       | 1 |  1.1
Staves         | 1 |  1.1
Ranged Weapons | 1 |  1.1
Throwing       | 1 |  1.1
Stealth        | 1 |  1.1
Unarmed Combat | 1 |  1.1
Invocations    | 1 |  1.2
Evocations     | 1 |  1.1
Spellcasting   | 3 |  3.0
Fighting       | |  6.6
Armour         | |  2.7
Dodging        | |  2.7
Shields        | |  2.7
Conjurations   | |  5.4
Hexes          | |  0.9
Summonings     | |  0.9
Necromancy     | |  0.9
Translocations | |  0.9
Transmutations | |  0.9
Fire Magic     | |  0.9
Ice Magic      | |  0.9
Air Magic      | |  0.9
Earth Magic    | |  0.9
Poison Magic   | |  0.9
Shapeshifting  | |  0.9

Action                     || total
---------------------------++-------
  Melee: Dagger            ||    38
         Bite              ||     2
         Falchion          ||     3
   Cast: Magic Dart        ||     1
         Sandblast         ||     1
    Use: Potion            ||     1
 Armour: Robe              ||     6
  Dodge: Dodged            ||    24
  Block: Buckler           ||     6

Table legend: (Time is in decaauts)
 A = Elapsed time spent in this place.
 B = Non-inter-level travel time spent in this place.
 C = Inter-level travel time spent in this place.
 D = Time resting spent in this place.
 E = Time spent auto-exploring this place.
 F = Levels seen in this place.
 G = Mean time per level.
                   A        B        C        D        E       F      G
               +--------+--------+--------+--------+--------+-----+--------+
         Total |    126 |    126 |      0 |      0 |      0 |   1 |  126.0 |
       Dungeon |    126 |    126 |      0 |      0 |      0 |   1 |  126.0 |
               +--------+--------+--------+--------+--------+-----+--------+

Top non-repeatable levels by time:
       D: 126 daAuts
